 Dungeon Crawl Stone Soup version 0.17-a0-1554-g3b847ca (webtiles) character file.

44 urechis the Cudgeler (level 3, 0/37 HPs)
             Began as an Ogre Gladiator on July 19, 2015.
             Killed by divine providence
             ... invoked by an orc priest
              (13 damage)
             ... on level 3 of the Dungeon.
             The game lasted 00:01:22 (1396 turns).

urechis the Cudgeler (Ogre Gladiator)               Turns: 1396, Time: 00:01:22

Health: 0/37       AC:  4    Str: 21    XL:     3   Next: 60%
Magic:  3/3        EV: 10    Int:  7    God:
Gold:   75         SH:  0    Dex: 10    Spells: 0 memorised, 2 levels left

rFire  . . .     SeeInvis +     a - +0 flail
rCold  . . .     Clarity  .     b - +0 robe
rNeg   . . .     SustAt   .     (no shield)
rPois  .         Gourm    .     c - +0 hat
rElec  .         Spirit   .     j - +0 cloak
rCorr  .         Warding  .     (gloves unavailable)
rMut   .         Stasis   .     (boots unavailable)
MR     .....                    (no amulet)
Stlth  +.........               (no ring)
                                i - ring of see invisible

@: lethally poisoned (0 -> -1), not resistant to hostile enchantments, very
unstealthy
A: unfitting armour, tough skin 1
a: no special abilities


You were on level 3 of the Dungeon.
You were hungry.

You visited 1 branch of the dungeon, and saw 3 of its levels.

You collected 75 gold pieces.

Inventory:

Hand weapons
 a - a +0 flail (weapon)
Missiles
 e - 3 throwing nets (quivered)
Armour
 b - a +0 robe (worn)
 c - a +0 hat (worn)
 j - a +0 cloak (worn)
Jewellery
 i - a ring of see invisible (left hand)
Magical devices
 q - a wand of flame (26)
Scrolls
 k - a scroll of recharging {unknown}
 l - a scroll of teleportation {unknown}
 o - 2 scrolls of enchant weapon {unknown}
 p - 2 scrolls of identify {unknown}
Potions
 g - a potion of lignification {unknown}
 h - a potion of ambrosia {unknown}
 m - a potion of curing {unknown}
 r - a potion of agility {unknown}
Comestibles
 d - 2 bread rations
 f - 2 beef jerkies
 n - a slice of pizza
 s - 2 chunks of flesh


   Skills:
 + Level 3.4 Fighting
 * Level 5.5 Maces & Flails
 - Level 2.1 Throwing
 - Level 2.6 Dodging


You had 2 spell levels left.
You didn't know any spells.

Dungeon Overview and Level Annotations

Branches:
Dungeon (3/15)

Altars:
Nemelex Xobeh
Qazlal
The Shining One


Innate Abilities, Weirdness & Mutations

You are too large for most types of armour.
You have tough skin (AC +1).


Message History

The orc barely misses you. The orc hits you with a whip.
You thump the orc!
You kill the orc!
The orc priest closely misses you. The orc hits you but does no damage.
You closely miss the orc priest. The adder bites you.
You are poisoned.
The adder poisons you!
The orc priest mumbles some strange prayers to Beogh against you.
Something smites you!
The orc priest miscasts a cantrip.
The orc barely misses you. The adder closely misses you.
You feel sick. The adder bites you but does no damage.
You see here a scroll labeled JYCUON VETO.
The adder barely misses you.
You feel sick. The adder bites you.
You feel sick.
The orc priest invokes the aid of Beogh against you.
Something smites you!
You die...

.#.##.#...<..#.# #...#
.#.##.########.### ....#
...##.# ###.....# #...#
.####.####.......# #...#
........##.#....†## #)..#
........##........#####...####
#...................o.?........
#.......##......So(oo..........
#.......##.....#@..............
#.......##........#####...#####
#.......######.#### #...#
######### #.# #...# #.# #...#
#.# ...#


You could see 2 orc priests, an adder and 2 orcs.

Vanquished Creatures
  An adder (D:2)
  2 giant geckos (D:2)
  An orc (D:3)
  6 bats
  2 giant cockroaches (D:1)
  6 goblins
  3 hobgoblins (D:1)
  A quokka (D:2)
  A ball python (D:2)
  2 giant newts (D:1)
  4 kobolds
  2 rats (D:1)
31 creatures vanquished.

Notes
Turn   | Place    | Note
--------------------------------------------------------------
     0 | D:1      | urechis the Ogre Gladiator began the quest for the Orb.
     0 | D:1      | Reached XP level 1. HP: 22/22 MP: 1/1
   167 | D:1      | Reached XP level 2. HP: 23/29 MP: 2/2
   237 | D:1      | Found a sparkling altar of Nemelex Xobeh.
   316 | D:1      | Reached skill level 5 in Maces & Flails
   700 | D:2      | Reached XP level 3. HP: 33/37 MP: 3/3
   930 | D:2      | Found a stormy altar of Qazlal.
   932 | D:2      | Noticed a water elemental
   932 | D:2      | Noticed an air elemental
   933 | D:2      | Noticed a fire elemental
   933 | D:2      | Noticed an earth elemental
  1214 | D:2      | Found a glowing golden altar of the Shining One.
  1396 | D:3      | Killed from afar by an orc priest

Vault maps used:
D:1:      scummos_arrival_hexagon, nemelex_xobeh_ov_fountains_minmay
D:2:      nicolae_qazlal_style_of_elements, nicolae_tso_swordbearing_angel
D:3:      okawaru_gym_becter, uniq_grinder

Action                   || total
-------------------------++-------
Melee: Flail             ||    85
  Eat: Chunk             ||     1
